 Dungeon Crawl Stone Soup version 0.32-a0-450-g080537f31e (webtiles) character file.

Game seed: 3670360664389283426

350 Aneyh the Trooper (level 6, -7/44 HPs)
             Began as a Tengu Monk on Feb 23, 2024.
             Mangled by an iguana (11 damage)
             ... on level 6 of the Dungeon.
             The game lasted 00:05:46 (3342 turns).

Aneyh the Trooper (Tengu Monk)                      Turns: 3342, Time: 00:05:47

Health: -7/44      AC: 10    Str: 13    XL:     6   Next: 61%
Magic:  7/7        EV: 12    Int: 14    God:
Gold:   153        SH:  0    Dex:  9    Spells: 5/5 levels left

rFire   + + +        a - +1 dagger of Fate {protect, rPois rN+ Dex-2}
rCold   . . .        (no shield)
rNeg    + . .        k - +0 leather armour of the Bard {rF+++ rCorr Int+3 Dex-5}
rPois   +            (helmet restricted)
rElec   .            (no cloak)
rCorr   +            (no gloves)
SInv    .            (boots unavailable)
Will    .....        (no amulet)
Stlth   +            (no ring)
HPRegen 0.27/turn    (no ring)
MPRegen 0.10/turn

%: acrobat
@: under a protective aura
A: beak, talons 3, acrobatic
a: no special abilities


You were on level 6 of the Dungeon.
You visited 1 branch of the dungeon, and saw 5 of its levels.

You collected 153 gold pieces.

Inventory:

Hand Weapons
 a - the +1 dagger of Fate (weapon) {protect, rPois rN+ Dex-2}
   (You found it on level 2 of the Dungeon)

   Dex-2:     It affects your dexterity (-2).
   rPois:     It protects you from poison rN+: It protects you from negative
   energy.
 b - a +0 sling
 e - a +0 hand axe
 g - a +0 spear
 l - a +0 short sword of venom
 m - a +0 long sword
 n - a +0 war axe
Armour
 d - an orb of light
 k - the +0 leather armour of the Bard (worn) {rF+++ rCorr Int+3 Dex-5}
   (You found it on level 2 of the Dungeon)

   Int+3:     It affects your intelligence (+3).
   Dex-5:     It affects your dexterity (-5).
   rF+++:     It renders you almost immune to fire.
   rCorr:     It protects you from acid and corrosion.
Wands
 i - a wand of light (15)
 x - a wand of charming (8)
Scrolls
 j - a scroll of torment {unknown}
 o - a scroll of noise {unknown}
 p - a scroll of brand weapon {unknown}
 q - a scroll of blinking {unknown}
 s - 2 scrolls of immolation {unknown}
 t - a scroll of identify {unknown}
 y - a scroll of revelation {unknown}
Potions
 f - a potion of attraction {unknown}
 h - a potion of curing {unknown}
 r - a potion of lignification {unknown}
 u - a potion of cancellation {unknown}
 v - a potion of might {unknown}
 w - 2 potions of heal wounds {unknown}


   Skills:
 + Level 7.2 Fighting
 - Level 3.2 Polearms
 - Level 3.2 Dodging


You had 5 spell levels left.
You didn't know any spells.
Your spell library contained the following spells:

 Spells                   Type           Power      Damage    Failure   Level
 Slow                     Hex            0%         N/A       36%         1
 Sublimation of Blood     Necr           0%         N/A       50%         2
 Confusing Touch          Hex            0%         N/A       73%         3
 Sigil of Binding         Hex            0%         N/A       73%         3
 Vampiric Draining        Necr           0%         2d6       73%         3
 Petrify                  Alch/Erth      0%         N/A       98%         4
 Irradiate                Conj/Alch      0%         3d11      100%        5


Dungeon Overview and Level Annotations

Branches:
Dungeon (6/15)
 Temple: D:4-7

Altars:

Annotations:
D:6 3 runed translucent doors, Bravepunisher's ghost, weakling SpMo


Innate Abilities, Weirdness & Mutations

You have a beak for a mouth.
You have claws for feet.
You can magically evade attacks while moving or waiting.


Message History

The iguana bites you!
You hit the iguana. Your kick misses the iguana.
The iguana is moderately wounded.
The iguana barely misses you.
You hit the iguana. You claw the iguana, but do no damage.
The iguana is moderately wounded.
The iguana closely misses you.
You hit the iguana.
The iguana is heavily wounded.
The iguana closely misses you.
You hit the iguana but do no damage. Your kick misses the iguana.
Your peck misses the iguana.
The iguana is heavily wounded.
The iguana bites you.
You hit the iguana. You claw the iguana, but do no damage.
The iguana is heavily wounded.
The iguana bites you.
You hit the iguana but do no damage. Your kick misses the iguana.
The iguana is heavily wounded.
The iguana bites you but does no damage.
You hit the iguana but do no damage. You claw the iguana.
The iguana is almost dead.
The iguana barely misses you.
You hit the iguana but do no damage. You claw the iguana, but do no damage.
Your peck misses the iguana.
The iguana is almost dead.
The iguana bites you!
You closely miss the iguana.
The iguana is almost dead.
The iguana bites you.
* * * LOW HITPOINT WARNING * * *
You hit the iguana but do no damage. Your peck misses the iguana.
The iguana is almost dead.
The iguana bites you.
* * * LOW HITPOINT WARNING * * *
You barely miss the iguana. You claw the iguana.
You peck the iguana, but do no damage.
The iguana is almost dead.
The iguana bites you!
You die...

ß#oo#........#.....
##.o#.....<..#.....
...o#...####'#.....
########ß..###........
#.....#......#........
#.....#......#...<....
#.....'......#........
#.....########........
#....@................
#....l................
#...##+#................
##.. ................ #.
................ #
................
................
................
##########


You could see an iguana.

Vanquished Creatures
  2 scorpions
  2 hounds (D:6)
  An orc priest (D:3)
  2 iguanas
  2 adders
  A white imp (D:5)
  A dart slug (D:2)
  3 ribbon worms
  5 orcs
  2 bats
  6 endoplasms
  2 giant cockroaches (D:1)
  4 goblins (D:1)
  7 hobgoblins
  2 jackals (D:1)
  4 quokkas
  4 ball pythons
  2 frilled lizards (D:1)
  4 kobolds (D:1)
  A rat (D:2)
57 creatures vanquished.

Notes
Turn   | Place    | Note
-------+----------+-------------------------------------------
     0 | D:1      | Aneyh the Tengu Monk began the quest for the Orb.
     0 | D:1      | Reached XP level 1. HP: 14/14 MP: 2/2
   132 | D:1      | Reached XP level 2. HP: 19/19 MP: 3/3
   234 | D:1      | Found a faded altar of an unknown god.
   391 | D:1      | Reached skill level 4 in Fighting
   451 | D:1      | Reached XP level 3. HP: 24/24 MP: 4/4
  1097 | D:2      | Reached XP level 4. HP: 17/30 MP: 5/5
  1194 | D:2      | Identified the +0 leather armour of the Bard {rF+++ rCorr
                  | Int+3 Dex-5}
  1414 | D:2      | Identified the +1 dagger of Fate {protect, rPois rN+ Dex-2}
  1425 | D:2      | Reached skill level 5 in Fighting
  1495 | D:2      | Identified the +3 quarterstaff of Azidupt {flame, rElec
                  | Dex+4}
  2034 | D:3      | Reached XP level 5. HP: 13/35 MP: 6/6
  2210 | D:3      | You fall into a shaft and drop 3 floors!
  2231 | D:6      | Found a runed translucent gate.
  2231 | D:6      | Noticed Bravepunisher's ghost (weakling SpMo)
  2232 | D:6      | Found a runed translucent gate.
  2233 | D:6      | Found a runed translucent gate.
  2233 | D:6      | Noticed an orc warrior
  2235 | D:6      | Identified the +0 chain mail of Abstinence {rN+ Will+++
                  | Str-5 Slay+5}
  2235 | D:6      | Noticed an orc warrior
  2296 | D:6      | Reached skill level 6 in Fighting
  2307 | D:5      | Entered Level 5 of the Dungeon
  2492 | D:5      | Reached XP level 6. HP: 15/42 MP: 7/7
  2964 | D:5      | Reached skill level 7 in Fighting
  3171 | D:5      | Noticed an acid dragon
  3342 | D:6      | Mangled by an iguana

Illustrated notes

Levels and vault maps discovered:
D:1:      dpeg_arrival_rooms_a, layout_loops_ring,
          shapermc_ecumenical_altar_totnotflames
D:2:      layout_basic, kennysheep_another_room
D:3:      due_chaos_kobolds, layout_loops_ring, columned_hall_lemuel
D:5:      layout_basic
D:6:      layout_gridville, biasface_ghost_orc_armoury

Skill      XL: |  1  2  3  4  5  6 |
---------------+-------------------+-----
Fighting       | 4 5 6 7 |  7.2
Polearms       | |  3.2
Dodging        | |  3.2

Action                     |  1- 3 |  4- 6 || total
---------------------------+-------+-------++-------
  Melee: Spear             |    33 |       ||    33
         Kick              |     9 |    43 ||    52
         Peck              |     5 |    30 ||    35
         Short sword       |    11 |     6 ||    17
         Dagger            |       |   144 ||   144
   Fire: Sling             |    38 |    77 ||   115
    Use: Potion            |       |     1 ||     1
 Armour: Robe              |    16 |     1 ||    17
         Leather armour    |       |   117 ||   117
  Dodge: Dodged            |    29 |   104 ||   133

Table legend: (Time is in decaauts)
 A = Elapsed time spent in this place.
 B = Non-inter-level travel time spent in this place.
 C = Inter-level travel time spent in this place.
 D = Time resting spent in this place.
 E = Time spent auto-exploring this place.
 F = Levels seen in this place.
 G = Mean time per level.
                   A        B        C        D        E       F      G
               +--------+--------+--------+--------+--------+-----+--------+
         Total |   3367 |   3266 |    101 |    663 |   1955 |   5 |  673.4 |
       Dungeon |   3367 |   3266 |    101 |    663 |   1955 |   5 |  673.4 |
               +--------+--------+--------+--------+--------+-----+--------+

Top non-repeatable levels by time:
     D:2: 1194 daAuts
     D:5: 929 daAuts
     D:1: 820 daAuts
     D:3: 217 daAuts
     D:6: 206 daAuts
